 Dungeon Crawl Stone Soup version 0.31-a0-986-g5e6e4ef867 (webtiles) character file.

Game seed: 17329398173240896980

676 strifetoe the Cleaver (level 7, -4/57 HPs)
             Began as a Minotaur Monk on Nov 17, 2023.
             Was a Believer of Cheibriados.
             Slain by a troll (11 damage)
             ... on level 5 of the Dungeon.
             The game lasted 00:05:00 (3421 turns).

strifetoe the Cleaver (Minotaur Monk)               Turns: 3421, Time: 00:05:01

Health: -4/57      AC:  6    Str: 22    XL:     7   Next: 33%
Magic:  15/15      EV: 13    Int: 11    God:    Cheibriados [**....]
Gold:   954        SH:  0    Dex: 16    Spells: 6/6 levels left

rFire   + . .        a - +1 hand axe
rCold   . . .        d - orb {light}
rNeg    . . .        g - +2 leather armour {rF+}
rPois   .            (helmet restricted)
rElec   +            (no cloak)
rCorr   .            (no gloves)
SInv    .            r - +0 pair of boots "Mofemari" {rElec MP+9}
Will    .....        (no amulet)
Stlth   +            (no ring)
HPRegen 0.29/turn    (no ring)
MPRegen 0.14/turn

%: no passive effects
@: glowing, very slow
A: horns 2, retaliatory headbutt
a: Renounce Religion, Bend Time


You were on level 5 of the Dungeon.
You worshipped Cheibriados.
Cheibriados was pleased with you.
You visited 2 branches of the dungeon, and saw 6 of its levels.

You collected 954 gold pieces.

Inventory:

Hand Weapons
 a - a +1 hand axe (weapon)
Armour
 b - a +0 robe
 d - an orb of light (worn)
 g - a +2 leather armour of fire resistance (worn)
 r - the +0 pair of boots "Mofemari" (worn) {rElec MP+9}
   (You found it on level 4 of the Dungeon)

   rElec:     It insulates you from electricity.
   MP+9:      It affects your magic capacity (+9).
Jewellery
 m - the amulet of the Ban {Acrobat Harm Str+3}
   (You found it on level 4 of the Dungeon)

   [amulet of the acrobat]

   Acrobat:   It increases your evasion while moving and waiting.
   Str+3:     It affects your strength (+3).
   Harm:      It increases damage dealt and taken.
 u - an amulet of regeneration
Talismans
 s - a serpent talisman
Wands
 t - a wand of iceblast (15)
Scrolls
 h - a scroll of revelation
 k - a scroll of noise {unknown}
 p - 4 scrolls of teleportation {unknown}
 v - a scroll of enchant armour {unknown}
Potions
 c - a potion of ambrosia
 e - a potion of haste {unknown}
 f - a potion of curing
 i - a potion of degeneration {unknown}
 j - 4 potions of mutation {unknown}
 l - a potion of might {unknown}
 n - a potion of resistance {unknown}
 o - 2 potions of magic {unknown}
 q - 2 potions of brilliance {unknown}


   Skills:
 - Level 3.6 Fighting
 + Level 10.3 Axes
 - Level 3.2 Dodging


You had 6 spell levels left.
You didn't know any spells.
Your spell library contained the following spells:

 Spells                   Type           Power      Damage    Failure   Level
 Ensorcelled Hibernation  Hex/Ice        0%         N/A       52%         2
 Jinxbite                 Hex            0%         N/A       52%         2
 Anguish                  Hex/Necr       0%         N/A       99%         4


Dungeon Overview and Level Annotations

Branches:
Dungeon (5/15)             Temple (1/1) D:5

Altars:
Ashenzari
Cheibriados
Dithmenos
Elyvilon
Gozag
Hepliaklqana
Kikubaaqudgha
Makhleb
Nemelex Xobeh
Okawaru
Ru
Sif Muna
Trog
Uskayaw
Wu Jian
Xom
The Shining One

Shops:
D:1 ?


Innate Abilities, Weirdness & Mutations

You have a pair of horns on your head.
You reflexively headbutt those who attack you in melee.


Message History

Cheibriados is now slowing the effects of poison on you.
Unknown command.
Press < or > to pray at altars.
What level of the Dungeon? (default 5, ? - help)
There is a bloodstained altar of Trog here.
There is a shimmering altar of Xom here.
There is a staircase back to the Dungeon here.
You climb upwards.
Welcome back to the Dungeon!
There is a staircase to the Ecumenical Temple here.
You see here 6 poisoned darts.
Found a whip.
Found a spear.
Found a stone staircase leading up.
v - a scroll labelled MITIUC LOONTU
Found a stone staircase leading down.
A troll comes into view.
A troll is nearby!
A troll is nearby!
The troll shouts!
The troll closely misses you. The troll claws you! The troll claws you.
You slash the troll!
The troll is moderately wounded.
The troll bites you. The troll closely misses you. The troll claws you!
You barely miss the troll.
The troll is moderately wounded.
You hit the troll.
The troll is moderately wounded.
The troll bites you! The troll closely misses you.
The troll claws you but does no damage.
Unknown command.
You hit the troll. Your headbutt misses the troll.
The troll is moderately wounded.
The troll bites you. The troll claws you!
* * * LOW HITPOINT WARNING * * *
The troll claws you!
* * * LOW HITPOINT WARNING * * *
You hit the troll.
The troll is moderately wounded.
The troll bites you!
You die...

####.#####.........(##
.##.....#.........#..#
...........#.##...#..#
......##...#..)......##
......###..##..##.....#
.......###.###........#
.......###............#
..............#.......#
#.......#...####@....##
......#####....T......#
.......#.#....#.....###
≈........##...#..#..#
≈≈≈.............##...#
≈≈≈≈≈...........##..##
≈≈≈≈≈≈..........#####
≈≈≈≈≈≈.......####
≈≈≈≈≈≈...#..##


You could see a troll.

Vanquished Creatures
  A shadow (D:4)
  An ogre (D:5)
  2 phantoms (D:4)
  A jelly (D:4)
  3 hounds
  An orc priest (D:4)
  A sleepcap (D:3)
  4 gnolls
  2 adders
  2 worms
  A dart slug (D:4)
  5 orcs
  A bat (D:3)
  6 endoplasms
  2 giant cockroaches (D:1)
  4 goblins
  3 jackals
  A quokka (D:4)
  7 ball pythons
  A frilled lizard (D:3)
  4 kobolds
  3 rats
56 creatures vanquished.

Notes
Turn   | Place    | Note
-------+----------+-------------------------------------------
     0 | D:1      | strifetoe the Minotaur Monk began the quest for the Orb.
     0 | D:1      | Reached XP level 1. HP: 19/19 MP: 0/0
   108 | D:1      | Found Hodeuviq's Magic Scroll Shoppe.
   160 | D:1      | Reached skill level 4 in Axes
   161 | D:1      | Found a faded altar of an unknown god.
   287 | D:1      | Reached XP level 2. HP: 19/26 MP: 1/1
   937 | D:2      | Reached skill level 5 in Axes
  1022 | D:2      | Reached XP level 3. HP: 24/31 MP: 2/2
  1669 | D:3      | Reached skill level 6 in Axes
  1669 | D:3      | Reached XP level 4. HP: 39/39 MP: 3/3
  1828 | D:3      | Identified a scroll of acquirement
  1828 | D:3      | Acquired 703 gold pieces
  2026 | D:4      | Identified the +1 helmet of Spring {Str+3 Dex+3}
  2069 | D:4      | Identified the amulet of the Ban {Acrobat Harm Str+3}
  2131 | D:4      | Found a sacrificial altar of Ru.
  2157 | D:4      | Identified the +0 pair of boots "Mofemari" {rElec MP+9}
  2456 | D:4      | Reached skill level 7 in Axes
  2456 | D:4      | Reached XP level 5. HP: 42/45 MP: 4/4
  2603 | D:5      | Entered Level 5 of the Dungeon
  2603 | D:5      | Noticed a phantom
  2603 | D:5      | Noticed a phantom
  2616 | D:4      | Killed a phantom
  2617 | D:4      | Reached skill level 8 in Axes
  2645 | D:5      | Noticed a shadow
  2661 | D:4      | Killed a phantom
  2662 | D:4      | Reached XP level 6. HP: 40/51 MP: 5/5
  2926 | D:4      | Killed a shadow
  2927 | D:4      | Reached skill level 9 in Axes
  2999 | D:5      | Reached XP level 7. HP: 51/57 MP: 6/6
  3003 | D:5      | Reached skill level 10 in Axes
  3092 | D:5      | Found a staircase to the Ecumenical Temple.
  3198 | Temple   | Entered the Ecumenical Temple
  3286 | Temple   | Became a worshipper of Cheibriados the Contemplative
  3286 | Temple   | Reached * piety under Cheibriados
  3286 | Temple   | Reached ** piety under Cheibriados
  3415 | D:5      | Noticed a troll
  3421 | D:5      | Slain by a troll

Illustrated notes

Levels and vault maps discovered:
D:1:      minmay_arrival_four_houses, layout_basic, serial_shops, shop,
          dreamdust_ecumenical_altar_statues, minmay_unequal
D:2:      layout_basic
D:3:      layout_basic
D:4:      layout_rooms, nicolae_ru_sacrificial_ziggurat, st_stairs_10,
          grunt_ministairs_13
D:5:      layout_cave_pools, temple_pool_b
Temple:   regret_index_temple_sphere_string

Skill      XL: |  1  2  3  4  5  6  7 |
---------------+----------------------+-----
Axes           | 4 5 6 7 8 9 10 | 10.3
Fighting       | |  3.6
Dodging        | |  3.2

Action                     |  1- 3 |  4- 6 |  7- 9 || total
---------------------------+-------+-------+-------++-------
  Melee: Hand axe          |    52 |    63 |    19 ||   134
         Headbutt          |     6 |    10 |     3 ||    19
    Use: Scroll            |       |     5 |       ||     5
         Potion            |       |     1 |       ||     1
 Armour: Robe              |    20 |     5 |       ||    25
         Leather armour    |       |    37 |    13 ||    50
  Dodge: Dodged            |    26 |    37 |    11 ||    74

Table legend: (Time is in decaauts)
 A = Elapsed time spent in this place.
 B = Non-inter-level travel time spent in this place.
 C = Inter-level travel time spent in this place.
 D = Time resting spent in this place.
 E = Time spent auto-exploring this place.
 F = Levels seen in this place.
 G = Mean time per level.
                   A        B        C        D        E       F      G
               +--------+--------+--------+--------+--------+-----+--------+
         Total |   3475 |   3246 |    229 |    549 |   2215 |   6 |  579.2 |
       Dungeon |   3346 |   3228 |    118 |    549 |   2215 |   5 |  669.2 |
        Temple |    128 |     18 |    110 |      0 |      0 |   1 |  128.0 |
               +--------+--------+--------+--------+--------+-----+--------+

Top non-repeatable levels by time:
     D:4: 1035 daAuts
     D:2: 865 daAuts
     D:3: 566 daAuts
     D:1: 504 daAuts
     D:5: 375 daAuts
  Temple: 128 daAuts
